[Event "Team 45 45 League T29"]
[Site "Internet Chess Club"]
[Date "2006.01.16"]
[Round "4"]
[White "rph"]
[Black "Div-anand"]
[Result "0-1"]
[WhiteElo "1819"]
[BlackElo "1931"]
[TimeControl "2700+45"]

1. d4 Nf6 2. c4 g6 3. Nc3 Bg7 4. e4 d6 5. Nge2 O-O 6. Ng3 e5 7. d5 Nbd7 8. Be2
a5 9. Be3 Nc5 10. O-O Ne8 11. Qd2 f5 12. f4 exf4 13. Bxf4 Nxe4 14. Ngxe4 fxe4
15. Nxe4 Bf5 16. Bf3 Bxe4 17. Bxe4 Nf6 18. Rae1 Nd7 19. Bh6 Qh4 20. Bxg7 Kxg7
21. g3 Rxf1+ 22. Kxf1 Rf8+ 23. Kg1 Qf6 24. Bg2 b6 25. b3 Rf7 26. Rf1 Qe5 27.
Rxf7+ Kxf7 28. Bh3 Nc5 29. Qf2+ Kg7 30. Kf1 Nd3 31. Qd2 Qa1+ 32. Kg2 Qb2 33.
Qxb2+ Nxb2 34. a3 a4 35. bxa4 Nxc4 36. Be6 Kf6 37. Kf3 Nxa3 38. Ke4 Nc4 39. Bd7
Nd2+ 40. Kd3 Nf3 41. h3 Ne5+ {White resigns} 0-1  aics%

[Event "Team 45 45 League T29"]
[Site "Internet Chess Club"]
[Date "2006.01.12"]
[Round "4"]
[White "rjml"]
[Black "room-matt"]
[Result "1-0"]
[WhiteElo "1933"]
[BlackElo "1870"]
[TimeControl "2700+45"]

1. e4 e5 2. Nf3 Nc6 3. Bb5 f5 4. Bxc6 bxc6 5. Nxe5 Qe7 6. d4 Nf6 7. Nc3 Ba6 8.
Bg5 Rb8 9. exf5 d6 10. Qf3 Rb6 11. O-O-O dxe5 12. dxe5 Qb4 13. exf6 Qxb2+ 14.
Kd2 Kd7 15. fxg7 Bxg7 16. f6 {Black resigns} 1-0  aics%

[Event "Team 45 45 League T29"]
[Site "Internet Chess Club"]
[Date "2006.01.14"]
[Round "4"]
[White "chessateer"]
[Black "MaunaKeaMike"]
[Result "1-0"]
[WhiteElo "1823"]
[BlackElo "1707"]
[TimeControl "2700+45"]

1. e4 e6 2. d4 d5 3. exd5 exd5 4. Nf3 Bg4 5. Be2 Bd6 6. O-O Ne7 7. Bg5 f6 8. Bh4
Nf5 9. Bg3 Nxg3 10. hxg3 O-O 11. c4 c6 12. Nc3 Bc7 13. cxd5 cxd5 14. Qb3 Be6 15.
Qxb7 Nd7 16. Nxd5 Bd6 17. Qc6 Nb6 18. Nxb6 axb6 19. Bc4 Bxc4 20. Qxc4+ Kh8 21.
Rac1 Ra5 22. Rfe1 Rh5 23. Re6 Qb8 24. Qc6 Bxg3 25. fxg3 Qxg3 26. Qd6 Qxd6 27.
Rxd6 Rb5 28. b3 h6 29. Rc7 Ra8 30. Rdd7 Rxa2 31. Rxg7 Rxb3 32. Rh7+ Kg8 33.
Rcg7+ Kf8 34. Nh4 Rb1+ 35. Kh2 {Black resigns} 1-0  aics%

[Event "Team 45 45 League T29"]
[Site "Internet Chess Club"]
[Date "2006.01.14"]
[Round "4"]
[White "kamu"]
[Black "mike0897"]
[Result "0-1"]
[WhiteElo "1636"]
[BlackElo "1840"]
[TimeControl "2700+45"]

1. d4 Nf6 2. c4 g6 3. g3 Bg7 4. Bg2 d6 5. Nf3 O-O 6. Nc3 h6 7. O-O Nbd7 8. h3
Nb6 9. b3 Bf5 10. Nh4 Bc8 11. Nf3 Re8 12. Re1 c5 13. e4 cxd4 14. Nxd4 Bd7 15.
Be3 Rc8 16. Qd2 Kh7 17. f4 Nh5 18. g4 Nxf4 19. Bxf4 e5 20. Be3 exd4 21. Bxd4 Qg5
22. Rad1 Qxd2 23. Rxd2 Be5 24. Red1 Bc6 25. Bxe5 dxe5 26. Nd5 Nd7 27. b4 Kg7 28.
Kf2 Ba4 29. Rc1 Red8 30. Bf1 Nf6 31. Bd3 b5 32. Ke3 Nxd5+ 33. exd5 bxc4 34. Rxc4
Rxc4 35. Bxc4 f6 36. Ke4 Bc6 37. b5 Bd7 38. a4 Rc8 39. Kd3 f5 40. gxf5 Bxf5+ 41.
Ke3 Rxc4 42. d6 Rc8 43. a5 Bxh3 44. b6 axb6 45. d7 Rd8 46. a6 Rxd7 {White
resigns} 0-1  aics%

[Event "Team 45 45 League T29"]
[Site "Internet Chess Club"]
[Date "2006.01.15"]
[Round "4"]
[White "CogitoErgoSum"]
[Black "Bort"]
[Result "0-1"]
[WhiteElo "1926"]
[BlackElo "1988"]
[TimeControl "2700+45"]

1. e4 e6 2. d4 d5 3. Nc3 Bb4 4. exd5 exd5 5. Bd3 Nc6 6. Ne2 Nge7 7. O-O Bg4 8.
f3 Bf5 9. g4 Be6 10. Be3 h5 11. Nf4 hxg4 12. Nxe6 fxe6 13. fxg4 Bd6 14. Rf2 Qd7
15. Nb5 O-O-O 16. Nxd6+ Qxd6 17. Bf4 e5 18. dxe5 Nxe5 19. Qe2 N7c6 20. c3 Rde8
21. Qf1 Qc5 22. Bf5+ Kb8 23. Qg2 Nc4 24. b4 Qb6 25. Qf3 d4 26. a4 dxc3 27. Qxc3
Ne3 28. a5 Qxb4 29. Qxb4 Nxb4 30. Rc1 Nbd5 31. Bd7 Re7 32. Ba4 Nxg4 33. Rg2 Nxf4
{White resigns} 0-1  aics%

[Event "Team 45 45 League T29"]
[Site "Internet Chess Club"]
[Date "2006.01.13"]
[Round "4"]
[White "twinders"]
[Black "burnsja2003"]
[Result "1-0"]
[WhiteElo "1780"]
[BlackElo "1681"]
[TimeControl "2700+45"]

1. d4 d5 2. c4 e6 3. Nc3 Nf6 4. Nf3 Be7 5. Bf4 h6 6. e3 O-O 7. cxd5 exd5 8. Bd3
a6 9. O-O Be6 10. Bc2 Nbd7 11. Qd3 Re8 12. Ne5 Nf8 13. Rfe1 c5 14. dxc5 Bxc5 15.
a3 Rc8 16. Rac1 d4 17. exd4 Qxd4 18. Qxd4 Bxd4 19. Bd2 Red8 20. Nf3 Ba7 21. Be3
Bb8 22. h3 Nd5 23. Nxd5 Bxd5 24. Bb6 Rd6 25. Bh7+ Kxh7 26. Rxc8 Rxb6 27. Rxb8
Bxf3 28. gxf3 Ne6 29. b4 Nd4 30. Re7 Nxf3+ 31. Kf1 Kg6 32. Rbxb7 Rf6 33. b5 axb5
34. Rxb5 Ng5 35. h4 Nh3 36. Rb2 Ra6 37. Ra2 Nf4 38. a4 Nd5 39. Rd7 Nc3 40. Ra3
Nxa4 41. Rd4 Nc5 42. Rxa6+ Nxa6 43. Rd6+ Kh5 44. Rxa6 Kxh4 45. Ra7 g5 46. Rxf7
h5 47. Kg2 g4 48. f3 g3 49. Rf4+ Kg5 50. Kxg3 h4+ 51. Rxh4 {Black resigns} 1-0 
aics%

[Event "Team 45 45 League T29"]
[Site "Internet Chess Club"]
[Date "2006.01.12"]
[Round "4"]
[White "GolferBob"]
[Black "autobot"]
[Result "1/2-1/2"]
[WhiteElo "1732"]
[BlackElo "1645"]
[TimeControl "2700+45"]

1. d4 c6 2. Bf4 d5 3. Nf3 Nf6 4. e3 e6 5. c4 Be7 6. h3 Nbd7 7. Nbd2 dxc4 8. Bxc4
b5 9. Bd3 Bb7 10. O-O Rc8 11. Rc1 O-O 12. Ne4 Nxe4 13. Bxe4 Nf6 14. Bb1 Qb6 15.
Bg5 c5 16. Bxf6 Bxf6 17. dxc5 Rxc5 18. Rxc5 Qxc5 19. Qc2 Qxc2 20. Bxc2 Bxf3 21.
gxf3 Rc8 22. Be4 a5 23. Rd1 g6 24. f4 a4 25. Kg2 Bxb2 26. Rb1 a3 27. Rd1 b4 28.
Rd2 Rc1 29. Bc2 Bc3 30. Rd8+ Kg7 31. Bb3 h5 32. Rd7 Kf6 33. Kf3 Be1 34. e4 Rc6
35. e5+ Kg7 {Game drawn by mutual agreement} 1/2-1/2  aics%

[Event "Team 45 45 League T29"]
[Site "Internet Chess Club"]
[Date "2006.01.15"]
[Round "4"]
[White "Rossinantes"]
[Black "iwulu"]
[Result "1-0"]
[WhiteElo "2377"]
[BlackElo "2396"]
[TimeControl "2700+45"]

1. d4 d5 2. c4 c6 3. Nf3 Nf6 4. Nc3 dxc4 5. a4 a5 6. e3 Bg4 7. Bxc4 e6 8. O-O
Bb4 9. Qe2 O-O 10. h3 Bh5 11. Rd1 Nbd7 12. e4 Re8 13. Bf4 Nd5 14. Bd2 h6 15. Bb3
N5b6 16. g4 Bg6 17. g5 Bh5 18. e5 hxg5 19. Bc2 Nd5 20. Kh2 Nf4 21. Bxf4 gxf4 22.
Rg1 Bxc3 23. bxc3 Nf8 24. Rg2 g6 25. Rag1 c5 26. Rg5 Bxf3 27. Qxf3 cxd4 28. Qxf4
d3 29. Rh5 {Black resigns} 1-0  aics%

[Event "Team 45 45 League T29"]
[Site "Internet Chess Club"]
[Date "2006.01.15"]
[Round "4"]
[White "SkinnyPuppy"]
[Black "WesleyCrusher"]
[Result "1-0"]
[WhiteElo "2201"]
[BlackElo "2087"]
[TimeControl "2700+45"]

1. e4 c5 2. Nc3 e6 3. f4 Nc6 4. Nf3 a6 5. g3 Nf6 6. Bg2 d5 7. e5 Nd7 8. d3 Be7
9. O-O O-O 10. Qe2 b5 11. a4 b4 12. Nd1 Qc7 13. c4 dxc4 14. dxc4 Na5 15. Nd2 Bb7
16. b3 Nc6 17. Bb2 Nd4 18. Bxd4 cxd4 19. Bxb7 Qxb7 20. Nf2 Nc5 21. Nd3 Rad8 22.
Rf3 Rd7 23. Nxc5 Bxc5 24. Rd3 Rfd8 25. Qe4 Qxe4 26. Nxe4 Be7 27. Rc1 f5 28. exf6
gxf6 29. Kg2 f5 30. Nd2 Bc5 31. Re1 Rd6 32. Nf3 h6 33. Kf2 Kf7 34. Ke2 Kf6 35.
Ne5 a5 36. Rf3 h5 37. Kd3 Rg8 38. h3 Rg7 39. Rg1 Rg8 40. Rf2 Ke7 41. Rfg2 Ra6
42. g4 hxg4 43. hxg4 fxg4 44. Rxg4 Rxg4 45. Rxg4 Kd6 46. Rg7 Ra7 47. Rxa7 Bxa7
48. Nf3 Bb6 49. Nxd4 e5 50. fxe5+ Kxe5 51. c5 Bxc5 52. Nc6+ Kd5 53. Nxa5 Bb6 54.
Nc4 Ba7 55. Ne3+ Kc5 56. Ke4 Bb8 57. Nc4 Bc7 58. Ne5 Bd6 59. Nd3+ Kc6 60. Kd4
Kb6 61. Kc4 Ka5 62. Nc5 Kb6 63. Nd3 Ka5 64. Kd5 Bf8 65. Ne5 Ka6 66. Kc4 {Black
resigns} 1-0  aics%

[Event "Team 45 45 League T29"]
[Site "Internet Chess Club"]
[Date "2006.01.17"]
[Round "4"]
[White "trevor21"]
[Black "chesskilleruk"]
[Result "0-1"]
[WhiteElo "2116"]
[BlackElo "2290"]
[TimeControl "2700+45"]

1. d4 d5 2. c4 c6 3. Nf3 e6 4. e3 Nf6 5. Nc3 Nbd7 6. Bd3 Bd6 7. O-O dxc4 8. Bxc4
b5 9. Bd3 O-O 10. Qc2 Bb7 11. b3 Rc8 12. Bb2 a6 13. Qe2 c5 14. Rac1 Qe7 15. Rfd1
Rc7 16. a4 cxd4 17. exd4 Bf4 18. Rc2 b4 19. Ne4 Rxc2 20. Bxc2 Bb8 21. Ne5 Rc8
22. Nxd7 Nxd7 23. Bd3 a5 24. g3 Bd5 25. Nd2 Qf6 26. Bc4 Ba8 27. Ne4 Qf5 28. Bd3
Qh3 29. f3 h6 30. Nf2 Qh5 31. Be4 Bd5 32. Rc1 Rxc1+ 33. Bxc1 Bxe4 34. Nxe4 Qd5
35. Qa6 Qxd4+ 36. Kg2 Ba7 37. Kh3 Qg1 38. Qc8+ Nf8 39. Bxh6 Qf1+ 40. Kh4 Qxf3
41. Nd2 Qf2 42. Bg5 Qxh2+ 43. Kg4 g6 44. Kf4 Qxd2+ {White resigns} 0-1

[Event "Team 45 45 League T29"]
[Site "Internet Chess Club"]
[Date "2006.01.14"]
[Round "4"]
[White "Burning-Bush"]
[Black "Amauta"]
[Result "0-1"]
[WhiteElo "2058"]
[BlackElo "1920"]
[TimeControl "2700+45"]

1. d4 f5 2. g3 Nf6 3. Bg2 e6 4. c4 Be7 5. Nh3 c6 6. d5 d6 7. Nc3 e5 8. e4 O-O 9.
O-O Qe8 10. exf5 Bxf5 11. Qb3 Qc8 12. Ng5 c5 13. f4 exf4 14. Bxf4 h6 15. Nge4
Ne8 16. Rae1 Rf7 17. Rf2 Nd7 18. Nb5 Bxe4 19. Bxe4 g5 20. Bg6 Rg7 21. Bxd6 Nxd6
22. Nxd6 Bxd6 23. Re8+ Qxe8 24. Bxe8 Rxe8 25. Qxb7 Ne5 26. Qa6 Bb8 27. Rf6 g4
28. Re6 Nf3+ 29. Kg2 Rf8 30. Re4 h5 31. Qh6 Ng5 32. Re2 Nh3 33. Qxh5 Rg5 34. Qh6
Rg7 35. d6 Ng5 36. Re7 Nf7 37. Qe6 Bxd6 38. Rxa7 Be5 39. b4 cxb4 40. Ra5 Bc3 41.
Rh5 Rd8 42. Rd5 Ra8 43. Qe2 Rg6 44. h4 Ne5 45. c5 Rga6 46. Rd8+ Rxd8 47. Qxa6
Rd2+ 48. Kf1 Rd1+ 49. Kf2 Rd2+ 50. Ke3 Rd3+ 51. Kf4 Rf3+ 52. Kg5 Bd2+ 53. Kh5
Rf5# {White checkmated} 0-1  aics%

[Event "Team 45 45 League T29"]
[Site "Internet Chess Club"]
[Date "2006.01.14"]
[Round "4"]
[White "tryany1"]
[Black "Solomons"]
[Result "0-1"]
[WhiteElo "2117"]
[BlackElo "2476"]
[TimeControl "2700+45"]

1. d4 Nf6 2. c4 e6 3. a3 b6 4. d5 Ba6 5. b3 Bc5 6. Bb2 exd5 7. cxd5 O-O 8. b4
Bd6 9. Nf3 Re8 10. Nc3 Qe7 11. e3 Bxf1 12. Kxf1 c6 13. dxc6 dxc6 14. Qd3 Nbd7
15. Rd1 Be5 16. g3 Qe6 17. Kg2 a5 18. Qc2 axb4 19. axb4 c5 20. Nxe5 Nxe5 21.
bxc5 bxc5 22. e4 Qg4 23. Rhe1 Qf3+ 24. Kg1 Qh5 25. Kg2 Nf3 26. Rh1 Nd4 27. Qd3
Rab8 28. Ba1 Rb3 29. h3 Rxe4 30. Nxe4 Rxd3 31. Nxf6+ gxf6 32. Rxd3 Qd5+ 33. Kh2
Nf3+ 34. Rxf3 Qxf3 35. Rg1 Qxf2+ 36. Rg2 Qf1 37. Bc3 h5 38. h4 Kh7 39. Rd2 Qc1
40. Ba5 c4 41. Rf2 c3 42. Kg2 c2 43. Bd2 Qxd2 44. Rxd2 c1=Q 45. Rf2 Kg6 46. Kh2
Qe3 47. Kg2 Qc5 48. Rf4 Qe3 49. Rf3 Qe4 50. Kf2 f5 51. Rf4 Kf6 52. Rf3 Qxf3+ 53.
Kxf3 Ke5 54. Ke3 f4+ 55. gxf4+ Kd5 56. f5 f6 57. Kf4 Kd4 58. Kf3 Ke5 59. Ke3
Kxf5 60. Kf3 Ke5 61. Ke3 f5 62. Kf3 f4 63. Kf2 Ke4 64. Ke2 f3+ 65. Kf2 Kf4 66.
Kg1 Kg3 67. Kf1 f2 {White resigns} 0-1  aics%

[Event "Team 45 45 League T29"]
[Site "Internet Chess Club"]
[Date "2006.01.13"]
[Round "4"]
[White "akdog3"]
[Black "jonesey"]
[Result "1-0"]
[WhiteElo "2213"]
[BlackElo "1955"]
[TimeControl "2700+45"]

1. e4 e5 2. Nf3 Nc6 3. Bc4 Bc5 4. b4 Bxb4 5. c3 Ba5 6. d4 exd4 7. Qb3 Qe7 8. O-O
Bb6 9. cxd4 Na5 10. Qc2 a6 11. Ba3 {Black resigns} 1-0  aics%

[Event "Team 45 45 League T29"]
[Site "Internet Chess Club"]
[Date "2006.01.16"]
[Round "4"]
[White "ikalel"]
[Black "syy89"]
[Result "0-1"]
[WhiteElo "1925"]
[BlackElo "2118"]
[TimeControl "2700+45"]

1. e4 c5 2. d4 cxd4 3. Nf3 Nc6 4. Nxd4 Nf6 5. Nc3 e5 6. Nb3 Bb4 7. Bd3 d5 8.
exd5 Nxd5 9. Bd2 Bxc3 10. bxc3 O-O 11. O-O f5 12. a4 Kh8 13. Kh1 Qe7 14. Qh5 Nf6
15. Qg5 e4 16. Rae1 Qf7 17. Bb5 Ne5 18. f3 a6 19. Be2 Ng6 20. Bd1 h6 21. Qg3 f4
22. Qf2 e3 23. Bxe3 fxe3 24. Qxe3 Bd7 25. Qg1 Bxa4 26. Nd4 Bd7 27. f4 Rfe8 28.
f5 Ne5 29. h3 Nc6 30. Nb3 Rxe1 31. Rxe1 Bxf5 {White resigns} 0-1  aics%

[Event "Team 45 45 League T29"]
[Site "Internet Chess Club"]
[Date "2006.01.18"]
[Round "4"]
[White "Cuby"]
[Black "MrPetrov"]
[Result "0-1"]
[WhiteElo "2137"]
[BlackElo "2281"]
[TimeControl "2700+45"]

1. d4 Nf6 2. Bg5 Ne4 3. h4 c5 4. dxc5 Na6 5. Nd2 Naxc5 6. Nxe4 Nxe4 7. Qd4 Nxg5
8. hxg5 Qa5+ 9. Qd2 Qxd2+ 10. Kxd2 g6 11. e4 b6 12. f4 Bb7 13. Bd3 O-O-O 14. c4
Bg7 15. Kc2 Kb8 16. Nf3 Rc8 17. Kb3 d6 18. a4 h5 19. a5 Rc6 20. f5 bxa5 21. Rxa5
Rb6+ 22. Rb5 Rxb5+ 23. cxb5 d5 24. f6 exf6 25. gxf6 Bxf6 26. e5 Bd8 27. g4 d4
28. Rh3 Bc8 29. Nxd4 Bxg4 30. Rh1 h4 31. Nc6+ Kb7 32. Ra1 Bb6 33. Be4 h3 34.
Nxa7+ Kc7 35. Nc6 h2 36. Nb4 Bg1 37. Nd5+ Kb8 38. Bh1 Bf3 39. Bxf3 Rh3 40. Rf1
h1=Q {White resigns} 0-1  aics%

[Event "Team 45 45 League T29"]
[Site "Internet Chess Club"]
[Date "2006.01.13"]
[Round "4"]
[White "vutru"]
[Black "Phosphorus"]
[Result "1/2-1/2"]
[WhiteElo "2230"]
[BlackElo "2231"]
[TimeControl "2700+45"]

1. d4 Nf6 2. Nf3 g6 3. c4 Bg7 4. Nc3 O-O 5. e4 d6 6. Be2 e5 7. O-O Nc6 8. Be3
Ng4 9. Bg5 f6 10. Bh4 g5 11. Bg3 Nh6 12. dxe5 fxe5 13. Qd5+ Kh8 14. c5 g4 15.
Nd2 dxc5 16. Nb3 Qxd5 17. exd5 Nd4 18. Nxc5 b6 19. N5e4 Nhf5 20. Bd3 Bb7 21.
Rfe1 {Game drawn by mutual agreement} 1/2-1/2  aics%

[Event "Team 45 45 League T29"]
[Site "Internet Chess Club"]
[Date "2006.01.13"]
[Round "4"]
[White "nightflier"]
[Black "Neo-Myshkin"]
[Result "1-0"]
[WhiteElo "1934"]
[BlackElo "1951"]
[TimeControl "2700+45"]

1. d4 Nf6 2. c4 e6 3. Nf3 b6 4. g3 Bb7 5. Bg2 Be7 6. O-O O-O 7. Nc3 c5 8. d5
exd5 9. cxd5 d6 10. e4 Nbd7 11. Nh4 Ne5 12. f4 Ng6 13. Nf3 Ba6 14. Re1 b5 15. e5
Ne8 16. h4 Qb6 17. h5 Nh8 18. Ne4 f5 19. Neg5 Nf7 20. Ne6 Nh6 21. Nxf8 Bxf8 22.
Nh2 Bc8 23. b4 g6 24. Be3 Rb8 25. Rc1 Ng4 26. Nxg4 fxg4 27. hxg6 hxg6 28. bxc5
dxc5 29. d6 Bf5 30. Bxc5 Qa5 31. Bd5+ Kh7 32. Bb3 Rd8 33. Qd5 Bg7 34. Kf2 Be6
35. Qxe6 Qd2+ 36. Kg1 Qd3 37. Qxg4 a5 38. Bf2 Rb8 39. Bc2 Qxc2 {Black resigns}
1-0  aics%

[Event "Team 45 45 League T29"]
[Site "Internet Chess Club"]
[Date "2006.01.14"]
[Round "4"]
[White "az2112"]
[Black "C-Jones"]
[Result "1/2-1/2"]
[WhiteElo "1587"]
[BlackElo "1604"]
[TimeControl "2700+45"]

1. d4 e6 2. c4 d5 3. Nf3 Nf6 4. Bg5 Be7 5. h3 b6 6. cxd5 Nxd5 7. Bxe7 Qxe7 8. e3
Qb4+ 9. Qd2 Qxd2+ 10. Nbxd2 Nd7 11. Rc1 c5 12. Bb5 cxd4 13. Nxd4 O-O 14. Bc6 Rb8
15. Bxd5 exd5 16. O-O Nc5 17. N2f3 Ba6 18. Rfd1 Rbc8 19. Ne5 Bb7 20. Nec6 Bxc6
21. Nxc6 Rxc6 22. b4 Rfc8 23. bxc5 Rxc5 24. Rxc5 Rxc5 25. e4 Kf8 26. exd5 Ke7
27. d6+ Kd7 28. Rd4 g6 29. Rf4 Rf5 30. Rh4 h5 31. Rd4 Rf6 32. Ra4 a5 33. Kf1
Kxd6 34. g4 hxg4 35. hxg4 Ke5 36. Ra3 Kd4 37. Ke2 Kc4 38. f3 Rd6 39. Kf2 Kb4 40.
Rb3+ Ka4 41. Ke3 b5 42. Ke2 b4 43. Ke1 Kb5 44. f4 a4 45. Rf3 Kc4 46. f5 gxf5 47.
Rxf5 f6 48. g5 fxg5 49. Rxg5 Kc3 50. Ra5 a3 51. Rf5 Rh6 52. Rf3+ Kc4 53. Rf4+
Kb5 54. Rf5+ Ka4 55. Rf2 Rh1+ 56. Kd2 Ra1 57. Kd3 Rb1 58. Re2 Rb2 59. Rxb2 axb2
60. Kc2 b3+ 61. Kxb2 bxa2 62. Kxa2 {Game drawn because neither player has mating
material} 1/2-1/2  aics%

[Event "Team 45 45 League T29"]
[Site "Internet Chess Club"]
[Date "2006.01.16"]
[Round "4"]
[White "Fegary"]
[Black "GadsHill"]
[Result "1/2-1/2"]
[WhiteElo "1628"]
[BlackElo "1590"]
[TimeControl "2700+45"]

1. e4 d6 2. d4 Nf6 3. Bd3 e5 4. dxe5 dxe5 5. Bg5 Nbd7 6. Nc3 Bb4 7. Qd2 c6 8.
Nge2 Qc7 9. h3 h6 10. Be3 O-O 11. Bxh6 gxh6 12. Qxh6 Nh7 13. g4 Qd6 14. Qe3 Qf6
15. h4 Bc5 16. Qg3 Bxf2+ 17. Qxf2 Qxf2+ 18. Kxf2 Nc5 19. Kg3 Nxd3 20. cxd3 Kg7
21. Raf1 Be6 22. b3 Rad8 23. Rf3 Nf6 24. g5 Nh5+ 25. Kg2 Bg4 26. Re3 Nf4+ 27.
Kg3 Bxe2 28. Nxe2 Rxd3 29. Rxd3 Nxd3 30. h5 f6 31. h6+ Kg6 32. h7 Rh8 33. gxf6
Rxh7 34. Rxh7 Kxh7 35. Kg4 Kg6 36. f7 Kxf7 37. Kf5 Ke7 38. a3 b5 39. b4 a6 40.
Nc3 Kd6 41. Kf6 c5 42. Nd5 c4 43. Nc3 Ne1 44. Kf7 Nc2 45. Nb1 Nd4 46. Nc3 Nf3
47. Kf6 Kd7 48. Nd5 Kd6 49. Nc3 Nd2 50. Kf5 Nf3 51. Kf6 Nd4 52. Nb1 Nc6 53. Nc3
Kd7 54. Kf7 {Game drawn by mutual agreement} 1/2-1/2  aics%

[Event "Team 45 45 League T29"]
[Site "Internet Chess Club"]
[Date "2006.01.16"]
[Round "4"]
[White "hansolo1000"]
[Black "PostMike"]
[Result "1-0"]
[WhiteElo "1622"]
[BlackElo "1504"]
[TimeControl "2700+45"]

1. d4 Nf6 2. c4 e6 3. Nc3 Bb4 4. a3 Bxc3+ 5. bxc3 b6 6. e3 Bb7 7. f3 d6 8. Bd3
O-O 9. Ne2 e5 10. Ng3 Re8 11. e4 Ba6 12. O-O Nbd7 13. Bb2 c5 14. Nf5 Rb8 15.
Nxd6 g6 16. Nxe8 {Black resigns} 1-0  aics%  TitereSinCabeza(71): jajajajaaa
aics%

[Event "Team 45 45 League T29"]
[Site "Internet Chess Club"]
[Date "2006.01.13"]
[Round "4"]
[White "GoIrish"]
[Black "cayo89"]
[Result "0-1"]
[WhiteElo "1588"]
[BlackElo "1711"]
[TimeControl "2700+45"]

1. Nf3 d5 2. g3 Nf6 3. Bg2 Bf5 4. O-O e6 5. d3 Be7 6. Nbd2 O-O 7. Re1 c6 8. e4
dxe4 9. dxe4 Nxe4 10. Qe2 Nxd2 11. Bxd2 Bxc2 12. Bc3 Qd3 13. Qe5 Bf6 14. Qh5
Bxc3 15. Re3 Qg6 16. Qxg6 Bxg6 17. Rxc3 Nd7 18. Rd1 Rfd8 19. h4 h6 20. Rc4 Nf6
21. Re1 Rd6 22. Ne5 Bh7 23. Bf3 Nd7 24. Ng4 Nf6 25. Rb4 Nxg4 26. Bxg4 b6 27. Bf3
Rad8 28. Rc1 c5 29. Ra4 a5 30. Ra3 Rd3 31. Rxd3 Rxd3 32. a4 Rxf3 33. b4 axb4 34.
a5 bxa5 35. Rxc5 Kf8 {White resigns} 0-1  aics%

[Event "Team 45 45 League T29"]
[Site "Internet Chess Club"]
[Date "2006.01.15"]
[Round "4"]
[White "AVEMARIA"]
[Black "TheBrewer"]
[Result "1-0"]
[WhiteElo "1580"]
[BlackElo "1574"]
[TimeControl "2700+45"]

1. e4 e6 2. d4 d5 3. exd5 exd5 4. Nf3 Bg4 5. Be2 Nf6 6. Nc3 Be7 7. O-O O-O 8.
Bf4 c6 9. Re1 Re8 10. h3 Bh5 11. Ne5 Bxe2 12. Nxe2 Nbd7 13. Ng3 Nxe5 14. dxe5
Nd7 15. Nf5 Bf8 16. Qg4 Kh8 17. c4 g6 18. Nd6 Bxd6 19. exd6 h5 20. Qg3 d4 21.
Be5+ Nxe5 22. Rxe5 Qf6 23. Rae1 Rxe5 24. Qxe5 Qxe5 25. Rxe5 b6 26. b4 Rd8 27. c5
d3 28. Re3 Kg7 29. Rxd3 Kf6 30. Re3 Rd7 31. g3 Rb7 32. Kg2 Rd7 33. h4 Rb7 34.
Kf3 Rd7 35. Kf4 Rb7 36. f3 Rd7 37. g4 hxg4 38. fxg4 Rd8 39. g5+ Kg7 40. Re7 a5
41. a3 axb4 42. axb4 bxc5 43. bxc5 Kf8 44. Ke5 Ra8 45. Kf6 Rd8 46. Rxf7+ {Black
resigns} 1-0  aics%

[Event "Team 45 45 League T29"]
[Site "Internet Chess Club"]
[Date "2006.01.15"]
[Round "4"]
[White "fredd"]
[Black "JesterFox"]
[Result "0-1"]
[WhiteElo "1614"]
[BlackElo "1554"]
[TimeControl "2700+45"]

1. d4 Nf6 2. c4 e6 3. Nf3 b6 4. e3 Bb7 5. Nc3 Bb4 6. a3 Be7 7. Be2 O-O 8. Qc2 c5
9. O-O h6 10. b4 cxd4 11. exd4 a6 12. Re1 Qc7 13. h3 Rc8 14. Ne5 d6 15. Ng4 Nbd7
16. Bd3 Nxg4 17. hxg4 Bf6 18. Re3 Bxd4 19. Rh3 Ne5 20. Rg3 Nxd3 21. Qxd3 Qxc4
22. Bb2 Qxd3 23. Rxd3 Bxc3 24. Bxc3 d5 25. Rh3 Rc4 26. Rg3 Rac8 27. Be5 Rc1+ 28.
Rxc1 Rxc1+ 29. Kh2 Rc4 30. g5 hxg5 31. Rxg5 g6 32. Rg3 Kf8 33. Rh3 Ke7 34. Rf3
d4 35. Bf6+ Kd6 36. Rd3 e5 37. Kg3 Rc3 38. Rxc3 dxc3 39. Bg5 f5 40. Bc1 Kd5 41.
f3 Kc4 42. Kf2 Kd3 43. Ke1 e4 44. fxe4 fxe4 45. g4 Bc6 46. g5 a5 47. bxa5 bxa5
48. Kd1 Ba4+ 49. Ke1 Kc2 50. Be3 Kb2 51. Bd4 Kb3 52. Kd1 Kxa3+ 53. Kc1 c2 54.
Bc3 Kb3 55. Bxa5 Kc4 56. Bd2 Kd3 57. Bf4 e3 58. Bg3 Ke4 59. Bc7 Kf5 60. Bb6 e2
61. Bf2 Kxg5 62. Kd2 Kg4 63. Be3 Kf3 64. Bg5 c1=Q+ 65. Kxc1 e1=Q+ 66. Kb2 Ke4
67. Ka2 Qb4 68. Bf4 Bc2 69. Be5 Qb3+ 70. Ka1 Qb1# {White checkmated} 0-1  aics%

[Event "Team 45 45 League T29"]
[Site "Internet Chess Club"]
[Date "2006.01.14"]
[Round "4"]
[White "SeniorCitizen"]
[Black "Zyme"]
[Result "0-1"]
[WhiteElo "1352"]
[BlackElo "1539"]
[TimeControl "2700+45"]

1. e4 e6 2. d4 d5 3. e5 c5 4. Nf3 Nc6 5. c3 Bd7 6. Bb5 Nxe5 7. Bxd7+ Nxd7 8. O-O
Ngf6 9. Be3 Qb6 10. Qb3 Bd6 11. Qxb6 axb6 12. Nbd2 O-O 13. h3 Ra4 14. b3 Ra3 15.
c4 Rfa8 16. dxc5 bxc5 {White resigns} 0-1  aics%

[Event "Team 45 45 League T29"]
[Site "Internet Chess Club"]
[Date "2006.01.16"]
[Round "4"]
[White "klendathu"]
[Black "room-matt"]
[Result "0-1"]
[WhiteElo "1591"]
[BlackElo "1876"]
[TimeControl "2700+45"]

1. d4 Nf6 2. c4 e5 3. dxe5 Ng4 4. Nf3 Bc5 5. e3 Nc6 6. a3 Ngxe5 7. b4 Bd6 8. c5
Nxf3+ 9. Qxf3 Be5 10. Ra2 O-O 11. Bb2 Qe7 12. Bc4 a5 13. b5 Nd8 14. Bxe5 Qxe5
15. Qd5 Qxd5 16. Bxd5 c6 17. bxc6 dxc6 18. Bf3 Bf5 19. O-O Ne6 20. e4 Bg6 21.
Rc1 Rad8 22. Rd2 Rxd2 23. Nxd2 Rd8 24. Nb3 a4 25. Na5 Rd3 26. Nxb7 Rxa3 27. e5
h6 28. Bxc6 Nd4 29. Bf3 Rxf3 30. gxf3 Ne2+ 31. Kf1 Nxc1 32. c6 Bf5 33. c7 a3 34.
Nd8 Bd7 35. e6 fxe6 36. Ke1 a2 37. Kd2 {White resigns} 0-1  aics%

[Event "Team 45 45 League T29"]
[Site "Internet Chess Club"]
[Date "2006.01.15"]
[Round "4"]
[White "Rainbird"]
[Black "MPknight"]
[Result "1-0"]
[WhiteElo "1627"]
[BlackElo "1606"]
[TimeControl "2700+45"]

1. d4 d5 2. c4 c6 3. Nc3 Nf6 4. e3 e6 5. Nf3 Nbd7 6. Qc2 h6 7. Bd3 Bd6 8. b3 O-O
9. Bb2 Re8 10. O-O e5 11. dxe5 Nxe5 12. Nxe5 Bxe5 13. cxd5 cxd5 14. g3 Qd7 15.
Bb5 Qh3 16. Bxe8 Ng4 17. f4 Nxe3 18. Qf2 Bd4 19. Kh1 Nxf1 20. Qxf1 Qxf1+ 21.
Rxf1 Bg4 22. Bb5 Rc8 23. Nxd5 Bc5 24. h4 Kf8 25. Kg2 Rd8 26. Bc4 b5 27. Bxb5
Rxd5 28. Bc3 Rd8 29. Re1 h5 30. Ba5 Rc8 31. Rc1 Be3 32. Bb4+ Kg8 33. Rxc8+ Bxc8
34. Be2 Bb7+ 35. Bf3 Bxf3+ 36. Kxf3 Bb6 37. Bd2 f5 38. Be3 Bxe3 39. Kxe3 Kf7 40.
Kd4 Ke7 41. Ke5 g6 42. b4 a6 43. a4 {Black resigns} 1-0  aics%

[Event "Team 45 45 League T29"]
[Site "Internet Chess Club"]
[Date "2006.01.14"]
[Round "4"]
[White "charles-allen"]
[Black "clarinetref"]
[Result "1-0"]
[WhiteElo "1532"]
[BlackElo "1488"]
[TimeControl "2700+45"]

1. e4 d6 2. d4 Nf6 3. Nc3 g6 4. Be3 Bg7 5. f3 c6 6. Qd2 O-O 7. O-O-O b5 8. Bd3
Nbd7 9. Kb1 Rb8 10. Bh6 b4 11. Nce2 a5 12. Bxg7 Kxg7 13. g4 Rh8 14. h4 h6 15.
Ng3 e5 16. N1e2 Qc7 17. g5 Nh5 18. Nxh5+ gxh5 19. Rdg1 Kf8 20. g6 fxg6 21. Rxg6
exd4 22. Qf4+ Ke7 23. Rg7+ Kd8 24. Nxd4 Re8 25. Qxh6 Rb6 26. Qg5+ {Black
resigns} 1-0  aics%

[Event "Team 45 45 League T29"]
[Site "Internet Chess Club"]
[Date "2006.01.16"]
[Round "4"]
[White "Just-Jim"]
[Black "BraafPaard"]
[Result "1-0"]
[WhiteElo "1474"]
[BlackElo "1457"]
[TimeControl "2700+45"]

1. e4 e5 2. Nf3 Nc6 3. Bc4 Nf6 4. d3 h6 5. Nc3 Bb4 6. Bd2 Bxc3 7. Bxc3 d6 8. h3
O-O 9. Qd2 a6 10. O-O-O b5 11. Bb3 Rb8 12. Bb4 Nxb4 13. Qxb4 c5 14. Qd2 a5 15.
a3 a4 16. Ba2 Qe7 17. c3 Be6 18. Kb1 Bxa2+ 19. Kxa2 Qe6+ 20. Ka1 Rfd8 21. g4 Nh7
22. Qc2 Qb3 23. Qxb3 axb3 24. Nd2 Ng5 25. Nxb3 c4 26. Na5 Rbc8 27. dxc4 Nxe4 28.
Rh2 bxc4 29. f3 Nc5 30. Rd5 Rd7 31. Rh1 Ra7 32. Nxc4 Nb3+ 33. Ka2 Rxc4 34. Kxb3
Rf4 35. Rf1 e4 36. Rxd6 e3 37. Rd4 e2 38. Re1 Rxf3 39. Rxe2 Rxh3 40. Re8+ Kh7
41. Rde4 Rb7+ 42. Ka2 Rh2 43. Rb4 Rd7 44. a4 Rdd2 45. a5 Rde2 46. Rxe2 Rxe2 47.
a6 Re6 48. Ra4 Re8 49. a7 Ra8 50. b4 Kg6 51. b5 {Black resigns} 1-0  aics%